 Dungeon Crawl Stone Soup version 0.30.1-4-g462c640d31 (webtiles) character file.

Game seed: 16184512610207504370

1689 Graphine the Ruffian (level 8, -8/64 (66) HPs)
             Began as a Black Draconian Transmuter on Aug 26, 2023.
             Was a Follower of Qazlal.
             Mangled by an orc knight
             ... wielding a +0 halberd
              (9 damage)
             ... in a bailey.
             The game lasted 00:17:21 (5625 turns).

Graphine the Ruffian (Black Draconian Transmuter)   Turns: 5625, Time: 00:17:22

HP:   -8/64 (66)    AC:  2    Str: 18    XL:     8   Next: 72%
MP:   13/14         EV: 21    Int: 17    God:    Qazlal [*.....]
Gold: 390           SH:  2    Dex: 16    Spells: 9/15 levels left

rFire   . . .        s - melded +4 mace of Defiance {flame, Str+3 Dex+4}
rCold   . . .        (shield currently unavailable)
rNeg    . . .        (body armour unavailable)
rPois   x            (helmet currently unavailable)
rElec   .            (cloak currently unavailable)
rCorr   .            (gloves currently unavailable)
SInv    .            (boots currently unavailable)
Will    .....        q - amulet of faith
Stlth   +            i - +6 ring of strength
HPRegen 0.30/turn    (no ring)
MPRegen 0.14/turn

%: faith
@: spider-form (expiring), wereblooded (expiring), lightly drained
A: venomous fangs, (breathe lightning), AC +6, tiny, unfitting armour,
(electricity resistance), (cold-blooded)
a: End Transformation, Renounce Religion


You were in a bailey.
You worshipped Qazlal.
Qazlal was aware of your devotion.
You were a venomous arachnid creature.
You visited 2 branches of the dungeon, and saw 8 of its levels.
You also visited: Bailey.

You collected 390 gold pieces.

Inventory:

Hand Weapons
 c - a +0 dagger of protection
 s - the +4 mace of Defiance (melded) {flame, Str+3 Dex+4}
   (You found it on level 5 of the Dungeon)

   Str:       It affects your strength (+3).
   Dex:       It affects your dexterity (+4).
Armour
 l - a scarf of shadows
Magical Staves
 m - a staff of poison
Jewellery
 i - a +6 ring of strength (left front pincers)
 q - an amulet of faith (around neck)
Wands
 p - a wand of flame (21) (quivered)
 y - a wand of paralysis (7)
Scrolls
 g - a scroll of brand weapon
 j - a scroll of enchant armour
 r - 2 scrolls of amnesia
 t - a scroll of fear
 u - a scroll of teleportation
Potions
 a - 4 potions of lignification
 b - a potion of mutation {unknown}
 e - 3 potions of haste {unknown}
 f - 2 potions of heal wounds {unknown}
 h - 2 potions of attraction
 k - 2 potions of degeneration {unknown}
 n - 4 potions of brilliance
 o - a potion of flight {unknown}
 v - a potion of ambrosia {unknown}


   Skills:
 + Level 4.2 Fighting
 + Level 3.9 Dodging
 * Level 6.4 Unarmed Combat
 + Level 4.0 Spellcasting
 * Level 6.0 Transmutations
 + Level 3.3 Poison Magic


You had 9 spell levels left.
You knew the following spells:

 Your Spells              Type           Power      Damage    Failure   Level
a - Beastly Appendage     Tmut           48%        N/A       6%          1
b - Wereblood             Tmut           24%        N/A       8%          2
c - Spider Form           Tmut/Pois      19%        N/A       19%         3

Your spell library contained the following spells:

 Spells                   Type           Power      Damage    Failure   Level
 Blink                    Tloc           6%         N/A       45%         2
 Lesser Beckoning         Tloc           6%         N/A       45%         2
 Momentum Strike          Conj/Tloc      6%         3d8       45%         2
 Ice Form                 Ice/Tmut       13%        N/A       63%         4
 Gell's Gravitas          Tloc           3%         N/A       65%         3
 Teleport Other           Tloc           3%         N/A       65%         3
 Dispersal                Tloc           1%         N/A       100%        6


Dungeon Overview and Level Annotations

Branches:
Dungeon (7/15)             Temple (1/1) D:4          Bailey (1/1)

Altars:
Ashenzari
Cheibriados
Dithmenos
Elyvilon
Fedhas
Hepliaklqana
Kikubaaqudgha
Nemelex Xobeh
Okawaru
Qazlal
Ru
Sif Muna
Trog
Uskayaw
Vehumet
Wu Jian
Xom
Yredelemnul
Zin
The Shining One

Shops:
D:3 (   D:4 (   D:7 =*


Innate Abilities, Weirdness & Mutations

You are a venomous arachnid creature.
You have venomous fangs.
You are tiny and dextrous.
Your spellcasting is less reliable in this form.
Your armour is entirely melded.
You are incapable of wielding weapons or throwing items.
((You can breathe wild blasts of lightning.))
((Your glossy black scales are hard. (AC +6)))
You cannot fit into any form of body armour.
((You are resistant to electric shocks. (rElec)))
((You are cold-blooded and may be slowed by cold attacks.))


Message History

You see here a +0 halberd of electrocution.
You open the door.
An orc knight comes into view. It is wielding a +0 halberd.
You hiss as the wereblood boils in your veins!
The orc knight shouts!
Found eight items.
Found four items.
The orc knight misses you.
There is an open door here.
You block the orc knight's attack.
You see here a fizzy amethyst potion.
You barely miss the orc knight.
The orc knight hits you with a +0 halberd!
You barely miss the orc knight.
You hiss as the wereblood boils in your veins!
The orc knight closely misses you.
You barely miss the orc knight. You bite the orc knight!
The orc knight is poisoned.
The orc knight is lightly wounded.
You hiss as the wereblood boils in your veins!
The orc knight hits you with a +0 halberd!
You bite the orc knight!
The orc knight looks as sick as possible!
The orc knight is moderately wounded.
The orc knight closely misses you. The orc knight barely misses you.
There is an open door here.
There is an open door, spattered with blood here.
You see here a +0 halberd of electrocution.
Things that are here:
a +1 halberd of draining; a gnoll corpse
There is an open door here.
Your primal bloodlust is almost over.
Your transformation is almost over.
You hiss as the wereblood boils in your veins!
You see here a +1 halberd of electrocution.
The orc knight hits you from afar with a +0 halberd!!
* * * LOW HITPOINT WARNING * * *
Okay, then.
The orc knight hits you from afar with a +0 halberd!
You die...

##### ##)).##
+##+##'###'##+##+
#.....## ##!.!.!#
#.....### #.!.!.#
+..⌠.o')# +!.⌠.!+
#.....### #.!.!.#
##..s.)# #!.!.!#
##'##'##'# #+##+##+
#)###.# #.#g# #'# ###
#### ### ## #.##
##)#)###)###)#
##'##+##'###'##'##'#
##.....## ##.....##
###.....#####.....###
#)'..⌠..')#)'..∩..'.#


You could see an orc knight (very poisoned).

Vanquished Creatures
  Pikel (D:6)
  Joseph (D:7)
  An ogre (D:6)
  2 lemures (D:6)
  2 bullfrogs
  A kobold brigand (D:7)
  2 scorpions (D:6)
  A jelly (D:5)
  2 orc priests
  5 hounds
  Robin (D:2)
  7 gnolls (Bailey)
  7 adders
  A white imp (D:5)
  An ufetubus (D:5)
  A worm (D:4)
  5 dart slugs
  23 orcs
  3 ball pythons (D:3)
  5 endoplasms
  4 giant cockroaches
  17 goblins
  7 hobgoblins
  7 jackals
  4 quokkas
  3 bats
  5 kobolds
  4 rats
123 creatures vanquished.

Vanquished Creatures (others)
  An orc wizard (D:6)
1 creature vanquished.

Grand Total: 124 creatures vanquished

Notes
Turn   | Place    | Note
-------+----------+-------------------------------------------
     0 | D:1      | Graphine the Draconian Transmuter began the quest for the
                  | Orb.
     0 | D:1      | Reached XP level 1. HP: 16/16 MP: 3/3
    95 | D:1      | Found a faded altar of an unknown god.
   177 | D:1      | Reached XP level 2. HP: 18/23 MP: 1/5
   419 | D:1      | Learned a level 2 spell: Wereblood
   609 | D:1      | Reached XP level 3. HP: 28/28 MP: 2/6
   861 | D:2      | Noticed Robin
   891 | D:2      | Killed Robin
  1062 | D:2      | Identified the +1 robe of Sif Muna's Supremacy {Int+5}
  1120 | D:2      | Reached XP level 4. HP: 36/36 MP: 4/7
  1347 | D:2      | Learned a level 3 spell: Spider Form
  2067 | D:3      | Found Zueg's Weapon Shoppe.
  2700 | D:4      | Reached XP level 5. HP: 32/36 MP: 4/8
  2762 | D:4      | Found Tishril's Antique Weapon Emporium.
  2884 | D:4      | Found a hazy altar of Hepliaklqana.
  2887 | D:4      | Found a shimmering altar of Xom.
  2890 | D:4      | Found a hide-covered altar of Uskayaw.
  2893 | D:4      | Found a stormy altar of Qazlal.
  3024 | D:4      | Found a snail-covered altar of Cheibriados.
  3077 | D:4      | Found a staircase to the Ecumenical Temple.
  3167 | D:4      | Became a worshipper of Qazlal Stormbringer
  3225 | Temple   | Entered the Ecumenical Temple
  3431 | D:5      | Entered Level 5 of the Dungeon
  3621 | D:5      | Reached skill level 1 in Poison Magic
  3621 | D:5      | Reached XP level 6. HP: 40/50 MP: 1/10
  3734 | D:5      | Identified the +4 mace of Defiance {flame, Str+3 Dex+4}
  4278 | D:6      | Reached * piety under Qazlal
  4279 | D:6      | Your scales start taking on a glossy black colour.
  4279 | D:6      | Reached XP level 7. HP: 56/56 MP: 0/11
  4279 | D:6      | Gained mutation: You are resistant to electric shocks.
                  | (rElec) [Black Draconian growth]
  4494 | D:6      | Reached skill level 5 in Unarmed Combat
  4556 | D:6      | Noticed Pikel
  4581 | D:6      | Killed Pikel
  4582 | D:6      | Reached skill level 5 in Transmutations
  4582 | D:6      | Reached XP level 8. HP: 42/66 MP: 6/13
  5189 | D:7      | Noticed an angel
  5191 | D:7      | Found Plog's Hallowed Reliquary.
  5252 | D:7      | Noticed Joseph
  5268 | D:7      | HP: 1/66 [Joseph/+0 quarterstaff (19)]
  5275 | D:7      | HP: 1/66 [Joseph/+0 quarterstaff (9)]
  5277 | D:7      | Killed Joseph
  5381 | D:7      | Found a broken altar of Ashenzari.
  5404 | D:7      | Found Cunariping's One-of-a-Kind Rings.
  5443 | D:7      | Found a flagged portal.
  5461 | Bailey   | Entered a bailey
  5606 | Bailey   | Noticed an orc knight
  5624 | Bailey   | HP: 1/64 [orc knight/+0 halberd (29)]
  5625 | Bailey   | Mangled by an orc knight

Illustrated notes

Levels and vault maps discovered:
D:1:      wheals_arrival_shading, layout_loops_ring,
          ebering_ecumenical_altar_rust, dreamdust_wishing_well,
          hangedman_decor_slide_cut
D:2:      layout_basic, kennysheep_cluttered_room, uniq_robin
D:3:      layout_basic, serial_shops, nicolae_shop_statue_plus,
          roderic_lattice_a, supply_closet_lemuel
D:4:      layout_cave_pools, grunt_temple_overflow_cloverleaf,
          kennysheep_little_box, minmay_temple_entry_poolview, serial_shops,
          nicolae_stop_n_shop_1, chequers_jeans
D:5:      layout_rooms
D:6:      layout_loops_ring, uniq_pikel
D:7:      layout_loops_corners, ashenzari_altar_1, enter_bailey_5,
          nicolae_shop_unique_rings, nicolae_good_shop, uniq_joseph
Temple:   nicolae_temple_bog_church
Bailey:   bailey_polearm_nasty_gnolls, bailey

Skill      XL: |  1  2  3  4  5  6  7  8 |
---------------+-------------------------+-----
Dodging        | 2 3 |  3.9
Transmutations | 3 4 5 6 |  6.0
Fighting       | 2 3 4 |  4.2
Unarmed Combat | 4 5 6 |  6.4
Poison Magic   | 1 2 3 |  3.3
Spellcasting   | 3 4 |  4.0

Action                     |  1- 3 |  4- 6 |  7- 9 || total
---------------------------+-------+-------+-------++-------
  Melee: Unarmed           |    55 |    78 |   120 ||   253
         Kick              |    14 |     8 |       ||    22
         Headbutt          |     8 |     7 |       ||    15
         Tailslap          |     6 |     8 |       ||    14
         Dagger            |    20 |    68 |       ||    88
         Staff             |       |    26 |       ||    26
         Punch             |       |     3 |       ||     3
         Mace              |       |    18 |       ||    18
   Cast: Beastly Appendage |    16 |     6 |       ||    22
         Wereblood         |     6 |    21 |    12 ||    39
         Spider Form       |       |    16 |    13 ||    29
  Evoke: Wand              |       |    18 |     2 ||    20
    Use: Scroll            |     1 |     8 |     4 ||    13
         Potion            |       |       |     4 ||     4
   Stab: Sleeping          |       |     1 |       ||     1
 Armour: Skin              |    21 |    45 |     1 ||    67
  Dodge: Dodged            |    42 |   146 |    96 ||   284
  Block: Other             |       |       |     7 ||     7
